 Dungeon Crawl Stone Soup version 0.26-a0-1033-gd598b01645 (webtiles) character file.

Game seed: 3164734722941200940

20598 ruwin the Fighter (level 12, -3/111 HPs)
             Began as a Palentonga Berserker on Dec 10, 2020.
             Was a High Priest of Trog.
             Slain by a basilisk (9 damage)
             ... while petrified by a basilisk
             ... on level 1 of the Lair of Beasts on Dec 11, 2020.
             The game lasted 00:46:55 (10971 turns).

ruwin the Fighter (Palentonga Berserker)           Turns: 10971, Time: 00:46:57

Health: -3/111     AC: 19    Str: 33    XL:     12   Next: 46%
Magic:  12/12      EV:  1    Int:  7    God:    Trog [*****.]
Gold:   785        SH:  0    Dex: 19    Spells: 11/11 levels left

rFire    . . .     SeeInvis +   b - +8 longbow "Zephyr" {speed, Dex+3 SInv}
rCold    + . .     Faith    .   (shield currently unavailable)
rNeg     + + +     Spirit   .   y - +1 leather armour of a ziggurat {*Contam Regen+ Dex+2}
rPois    ∞         Reflect  .   N - +2 helmet {SInv}
rElec    .         Harm     .   i - +1 cloak
rCorr    .         Rampage  .   q - +0 pair of gloves
Will     .....                  (no barding)
Stlth    +++.......             (no amulet)
HPRegen  0.68/turn              R - ring "Xamut" {+Fly rC+ Str+3 Dex+2}
MPRegen  0.13/turn              r - +6 ring of strength

@: petrified, berserk cooldown, slowed, curled up
A: large, rugged brown scales 3, see invisible, deformed body, roll 1, armoured
tail, reflexive curl
a: Rolling Charge, Berserk, Trog's Hand, Brothers in Arms, Renounce Religion,
Evoke Flight


You were on level 1 of the Lair of Beasts.
You worshipped Trog.
Trog was extremely pleased with you.
You visited 2 branches of the dungeon, and saw 12 of its levels.
You also visited: Bailey and Gauntlet.

You collected 785 gold pieces.

Inventory:

Hand Weapons
 a - a +2 hand axe of electrocution
 b - the +8 longbow "Zephyr" (weapon) {speed, Dex+3 SInv}
   (You found it on level 6 of the Dungeon)

   Attacks with this weapon are significantly faster.
   It affects your dexterity (+3).
   It lets you see invisible.
 w - a +2 rapier of protection
 B - a +1 war axe of draining
 T - the +5 scimitar of a Billion Hells {pain, rElec}
   (You took it off a minotaur in a Gauntlet)

   In the hands of one skilled in necromantic magic, it inflicts extra damage on
   living creatures.
   It insulates you from electricity.
   Trog disapproves of the use of such an item.
Missiles
 t - 4 javelins
 u - 4 throwing nets
 A - 128 arrows (quivered ammo)
 U - 15 silver javelins
Armour
 i - a +1 cloak (worn)
 k - a +0 robe
 q - a +0 pair of gloves (worn)
 y - the +1 leather armour of a ziggurat (worn) {*Contam Regen+ Dex+2}
   (You found it on level 6 of the Dungeon)

   It affects your dexterity (+2).
   It causes magical contamination when unequipped.
   It increases your rate of regeneration.
 N - a +2 helmet of see invisible (worn)
 V - a +3 scale mail of fire resistance
Jewellery
 h - an uncursed ring of ice
 m - an uncursed ring of protection from fire
 r - a +6 ring of strength (right hand)
 s - a +4 ring of protection
 v - a +4 ring of evasion
 G - an uncursed ring of ice
 H - a +6 ring of strength
 K - an uncursed ring of flight
 R - the ring "Xamut" (left hand) {+Fly rC+ Str+3 Dex+2}
   (You found it in a Gauntlet)

   [ring of flight]

   It affects your strength (+3).
   It affects your dexterity (+2).
   It protects you from cold.
   It lets you fly.
Wands
 o - a wand of iceblast (5)
 E - a wand of polymorph (5)
 L - a wand of enslavement (22)
 W - a wand of disintegration (12)
Scrolls
 f - 6 scrolls of teleportation
 x - 3 scrolls of magic mapping
 z - 5 scrolls of remove curse
 C - 3 scrolls of identify
 F - a scroll of blinking
 I - a scroll of torment
 P - a scroll of fog
 S - a scroll of enchant armour
Potions
 c - 8 potions of curing
 d - 4 potions of magic
 e - 3 potions of resistance
 g - 2 potions of flight
 j - a potion of brilliance
 l - 4 potions of lignification
 n - a potion of might
 p - 2 potions of degeneration
 D - a potion of ambrosia {unknown}
 J - 2 potions of cancellation {unknown}
 M - a potion of mutation {unknown}
 O - a potion of berserk rage {unknown}
 Q - a potion of attraction {unknown}


   Skills:
 + Level 9.3 Fighting
 - Level 0.2(2.8) Short Blades
 - Level 4.6 Long Blades
 + Level 7.8 Axes
 * Level 8.9 Bows
 - Level 4.1 Armour
 + Level 7.5 Dodging
 - Level 5.8 Stealth
 + Level 4.2 Evocations


You had 11 spell levels left.
You didn't know any spells.
Your spell library was empty.

Dungeon Overview and Level Annotations

Branches:
Dungeon (11/15)            Temple (0/1) D:7            Lair (1/6) D:11
 Bailey (visited)         Gauntlet (visited)
    Orc: D:9-12

Altars:
Ashenzari
Dithmenos
Elyvilon
Fedhas
Gozag
Hepliaklqana
Kikubaaqudgha
Nemelex Xobeh
Okawaru
Uskayaw
Vehumet
Zin
The Shining One

Shops:
D:5 [   D:7 }   D:8 *

Annotations:
D:9 exclusion: orange crystal statue
D:10 5 runed translucent doors, exclusion: 3 doors


Innate Abilities, Weirdness & Mutations

You are completely covered in rugged brown scales. (AC +3, +7% HP)
You have supernaturally acute eyesight. (SInv)
Armour fits poorly on your strangely shaped body.
You can roll at nearby foes to attack.
You have a long armoured tail.
You curl defensively after being hit.


Message History

Press: ? - help, Q - select action, (/) - cycle Shift-Dir - straight line, f/p - basilisk
Aim: a basilisk (almost dead)
You shoot an arrow. The arrow closely misses the basilisk.
The basilisk gazes at you. You resist with some effort.
You have turned to stone.
The basilisk gazes at you. You resist with some effort.
The basilisk gazes at you.
The basilisk bites you but does no damage.
The basilisk bites you.
* * * LOW HITPOINT WARNING * * *
The basilisk gazes at you. You resist with some effort. The basilisk bites you!
* * * LOW HITPOINT WARNING * * *
The basilisk gazes at you. You resist with some effort.
The basilisk bites you but does no damage.
The basilisk bites you!!
You die...

##########
#####........##
###.##..........##
....#............#
...##
...(...)(l@## ...#
##.###(#...# ..##
##...l..##..## ..#
#..(....$##..# .##
#..#.####..##.##
.# #.$
#††≈.##..#..# .# #
......##.##.# .#
..#.>#..#.^#.# .#
#..#}P#..# .#.#


You could see a basilisk.

Vanquished Creatures
  A hydra (Lair:1)
  Harold (D:7)
  5 two-headed ogres
  An ogre mage (D:11)
  2 black mambas (Lair:1)
  5 cane toads (Lair:1)
  5 komodo dragons (Lair:1)
  A troll (D:9)
  A hornet (D:10)
  8 shadows (Gauntlet)
  2 wyverns (Lair:1)
  18 yaks
  A steam dragon (D:8)
  Grum (D:8)
  4 water moccasins
  4 ice beasts
  2 black bears
  A necrophage (D:11)
  An orc warrior (D:11)
  2 phantoms
  2 sky beasts
  3 wolves
  A centaur (D:7)
  8 ogres
  Blork the orc (D:6)
  A big kobold (D:7)
  9 bullfrogs
  A wyvern skeleton (D:8)
  4 scorpions
  9 killer bees
  12 wights
  2 howler monkeys
  2 centaur zombies
  A quasit (D:11)
  3 bullfrog zombies
  5 hounds
  5 orc wizards
  A gnoll shaman (D:7)
  3 orc priests
  2 jellies
  Crazy Yiuf (D:6)
  A centaur skeleton (D:6)
  2 iguanas
  6 worker ants
  2 hound skeletons
  3 worker ant zombies
  A howler monkey skeleton (D:7)
  4 gnolls
  13 adders
  4 shadow imps
  4 white imps
  2 ufetubi
  An ooze (D:1)
  An adder skeleton (D:3)
  A worm (D:5)
  5 leopard geckos
  15 orcs
  A ball python (D:3)
  7 giant cockroaches
  8 goblins
  8 hobgoblins
  2 jackals (D:7)
  7 quokkas
  5 bats
  3 frilled lizards
  13 kobolds
  2 leopard gecko skeletons (D:4)
  9 rats
272 creatures vanquished.

Vanquished Creatures (collateral kills)
  A reaper (Gauntlet)
  A minotaur (Gauntlet)
  A hydra (Lair:1)
  A hellwing (Gauntlet)
  A bullfrog (Lair:1)
5 creatures vanquished.

Vanquished Creatures (others)
  A bush (D:6)
  2 fungi (Lair:1)
  18 plants
21 creatures vanquished.

Grand Total: 298 creatures vanquished

Notes
Turn   | Place    | Note
-------+----------+-------------------------------------------
     0 | D:1      | ruwin the Palentonga Berserker began the quest for the Orb.
     0 | D:1      | Reached XP level 1. HP: 20/20 MP: 1/1
   517 | D:1      | Reached XP level 2. HP: 27/27 MP: 2/2
  1329 | D:2      | Found a glowing silver altar of Zin.
  1330 | D:2      | Found a glowing golden altar of the Shining One.
  1334 | D:2      | Found a white marble altar of Elyvilon.
  1398 | D:2      | Reached XP level 3. HP: 30/33 MP: 3/3
  1884 | D:3      | Reached ** piety under Trog
  2174 | D:4      | Noticed an ogre
  2176 | D:4      | Killed an ogre
  2177 | D:4      | Reached skill level 1 in Evocations
  2177 | D:4      | Reached XP level 4. HP: 42/42 MP: 4/4
  2177 | D:4      | Reached XP level 5. HP: 49/49 MP: 5/5
  2517 | D:4      | Reached skill level 4 in Fighting
  2625 | D:4      | Reached XP level 6. HP: 45/55 MP: 6/6
  2716 | D:4      | Found an iron altar of Okawaru.
  3035 | D:4      | Found a radiant altar of Vehumet.
  3082 | D:5      | Entered Level 5 of the Dungeon
  3255 | D:5      | Found Milanack's Antique Armour Emporium.
  3830 | D:5      | Gained mutation: You curl defensively after being hit.
                  | [Palentonga growth]
  3830 | D:5      | Reached XP level 7. HP: 36/64 MP: 7/7
  4283 | D:6      | Reached skill level 1 in Stealth
  4415 | D:6      | Found a hide-covered altar of Uskayaw.
  4418 | D:6      | Noticed a +0 dagger
  4421 | D:6      | Noticed a +0 hand axe
  4678 | D:6      | Got a fine leather armour
  4689 | D:6      | Identified the +1 leather armour of a ziggurat {*Contam
                  | Regen+ Dex+2} (You found it on level 6 of the Dungeon)
  4740 | D:6      | Found a blossoming altar of Fedhas.
  4776 | D:6      | Found the +8 longbow "Zephyr" {speed, Dex+3 SInv}
  4782 | D:6      | Found an opulent altar of Gozag.
  4792 | D:6      | Found a blossoming altar of Fedhas.
  5302 | D:6      | Found an iron altar of Okawaru.
  5363 | D:6      | Found a runed translucent door.
  5364 | D:6      | Noticed Crazy Yiuf
  5371 | D:6      | Killed Crazy Yiuf
  5487 | D:6      | Found an ancient bone altar of Kikubaaqudgha.
  5487 | D:6      | Noticed Blork the orc
  5490 | D:6      | Killed Blork the orc
  5526 | D:6      | Found a hazy altar of Hepliaklqana.
  5744 | D:7      | Reached *** piety under Trog
  5745 | D:7      | Reached skill level 1 in Axes
  5783 | D:7      | Reached skill level 5 in Fighting
  5783 | D:7      | Reached XP level 8. HP: 61/72 MP: 8/8
  5913 | D:7      | Found a staircase to the Ecumenical Temple.
  6021 | D:7      | Found Efar's Gadget Shoppe.
  6030 | D:7      | Noticed Harold
  6047 | D:7      | Killed Harold
  6048 | D:7      | Reached XP level 9. HP: 66/80 MP: 9/9
  6222 | D:7      | Reached skill level 6 in Fighting
  6340 | D:7      | Found a shadowy altar of Dithmenos.
  6557 | D:8      | Found Tufommo Qano's General Store.
  6586 | D:8      | Noticed Grum
  6597 | D:8      | Killed Grum
  6697 | D:8      | Found a sparkling altar of Nemelex Xobeh.
  6803 | D:8      | Reached **** piety under Trog
  6834 | D:8      | Reached skill level 5 in Dodging
  6879 | D:8      | Found a broken altar of Ashenzari.
  7076 | D:8      | Got an ichor-stained scale mail
  7078 | D:8      | Identified the +1 scale mail of Morality {Rampage rElec rN+
                  | Int-5} (You found it on level 8 of the Dungeon)
  7546 | D:9      | Reached XP level 10. HP: 85/89 MP: 10/10
  7567 | D:9      | Noticed a two-headed ogre
  7576 | D:9      | Killed a two-headed ogre
  7577 | D:9      | Reached skill level 5 in Bows
  7647 | D:9      | Reached skill level 5 in Axes
  7650 | D:9      | Reached skill level 7 in Fighting
  7683 | D:9      | Found a flagged portal.
  7696 | Bailey   | Entered a bailey
  7701 | Bailey   | Noticed an orc warlord
  7813 | D:9      | Noticed a two-headed ogre
  7823 | D:9      | Killed a two-headed ogre
  7840 | D:9      | Identified the +5 broad axe of Cheibriados's Fury {flame,
                  | *Noise rElec SInv Stlth+}
  7964 | D:9      | Reached ***** piety under Trog
  7967 | D:9      | Noticed an orange crystal statue
  8529 | D:10     | Entered Level 10 of the Dungeon
  8724 | D:10     | Found the +9 staff of Olgreb {rPois∞}
  8751 | D:10     | Found a runed translucent gate.
  8751 | D:10     | Found a runed translucent gate.
  8752 | D:10     | Found a runed translucent door.
  8776 | D:10     | Found a runed translucent gate.
  8779 | D:10     | Found a runed translucent door.
  9238 | D:11     | Reached XP level 11. HP: 86/99 MP: 11/11
  9407 | D:11     | Noticed a two-headed ogre
  9409 | D:11     | Noticed a two-headed ogre
  9411 | D:11     | Noticed a two-headed ogre
  9411 | D:11     | Noticed an ogre mage
  9420 | D:11     | Killed a two-headed ogre
  9423 | D:11     | Killed a two-headed ogre
  9424 | D:11     | Reached skill level 8 in Fighting
  9426 | D:11     | Killed an ogre mage
  9427 | D:11     | Reached skill level 5 in Stealth
  9427 | D:11     | Killed a two-headed ogre
  9582 | D:11     | Noticed a white ugly thing
  9582 | D:11     | Noticed a cyan ugly thing
  9589 | D:11     | Noticed a deep elf mage
  9589 | D:11     | Noticed a deep elf mage
  9589 | D:11     | Noticed a deep elf mage
  9615 | D:11     | Found a staircase to the Lair.
  9635 | Lair:1   | Entered Level 1 of the Lair of Beasts
 10012 | Lair:1   | Found a gate leading to a gauntlet.
 10026 | Gauntlet | Entered a Gauntlet
 10026 | Gauntlet | Found a transporter.
 10026 | Gauntlet | Found a transporter.
 10028 | Gauntlet | Found a transporter.
 10031 | Gauntlet | Found a transporter.
 10040 | Gauntlet | Found a runed translucent door.
 10042 | Gauntlet | Found a transporter.
 10044 | Gauntlet | Found a runed translucent door.
 10045 | Gauntlet | Found a transporter.
 10045 | Gauntlet | Found a transporter.
 10051 | Gauntlet | Noticed a fire crab
 10084 | Gauntlet | Found a transporter.
 10085 | Gauntlet | Found a transporter.
 10085 | Gauntlet | Found a transporter.
 10090 | Gauntlet | Noticed a great orb of eyes
 10096 | Gauntlet | Found a transporter.
 10096 | Gauntlet | Noticed a red ugly thing
 10109 | Gauntlet | Found a runed translucent door.
 10113 | Gauntlet | Found a transporter.
 10122 | Gauntlet | Found a transporter.
 10127 | Gauntlet | Found a transporter.
 10157 | Gauntlet | Noticed a reaper
 10388 | Gauntlet | Reached XP level 12. HP: 83/110 MP: 12/12
 10392 | Gauntlet | Killed a reaper
 10468 | Gauntlet | Got a steaming jade ring
 10538 | Gauntlet | Got a jewelled helmet
 10549 | Gauntlet | Identified the +2 helmet of Grottiness {Will- Dex+5} (You
                  | found it in a Gauntlet)
 10568 | Gauntlet | Identified the ring "Xamut" {+Fly rC+ Str+3 Dex+2} (You
                  | found it in a Gauntlet)
 10577 | Gauntlet | Identified the +5 scimitar of a Billion Hells {pain, rElec}
 10577 | Gauntlet | Noticed a minotaur
 10587 | Gauntlet | Killed a minotaur
 10588 | Gauntlet | Reached skill level 9 in Fighting
 10872 | Lair:1   | Noticed a five-headed hydra
 10880 | Lair:1   | Killed a five-headed hydra
 10923 | Lair:1   | Noticed a six-headed hydra
 10931 | Lair:1   | Killed a six-headed hydra
 10955 | Lair:1   | HP: 2/111 [cane toad (13)]
 10968 | Lair:1   | HP: 4/111 [basilisk (6)]
 10971 | Lair:1   | Slain by a basilisk

Illustrated notes

Levels and vault maps discovered:
D:1:      roderic_crop_circles_arrival_small, layout_basic,
          serial_co_window_serial, co_window_paths_a, co_window_corner_a,
          co_window_corner_a, co_window_corner_a, co_window_corner_a,
          co_window_unsneaky_path_e, co_window_cross_4,
          co_window_unsneaky_path_c, co_window_4corner_a, glass_columns_b,
          glass_columns_b
D:2:      layout_rooms, good_gods_temple_1
D:3:      layout_loops_ring
D:4:      layout_cave_pools, okawaru_altar_gauntlet_db,
          lemuel_coloured_pillars_altar
D:5:      layout_gridville, serial_shops, shop, minivault_23
D:6:      layout_loops_ring, nicolae_overflow_quartered_altars,
          dancing_weapons_uskayaw, basic_altar, fedhas_altar_decomposition,
          uniq_crazy_yiuf_cottage, uniq_blork_the_orc
D:7:      layout_basic, kennysheep_mini, temple_fountains, serial_shops, shop,
          uniq_harold
D:8:      layout_loops_ring, general_overflow_altar, serial_shops, shop,
          basic_altar, roderic_serpentine_path, uniq_grum
D:9:      layout_small_grid, enter_bailey_3, minmay_protected_statue
D:10:     layout_irregular_city, minmay_guarded_unrand_staff_of_olgreb
D:11:     layout_roguey, dpeg_oklobed_lair, elves_outpost_lemuel
Lair:1:   layout_roguey, gauntlet_entry_generic, nzn_random_ring

Skill      XL: |  1  2  3  4  5  6  7  8  9 10 11 12 |
---------------+-------------------------------------+-----
Dodging        | 2 3 4 5 6 7 |  7.5
Armour         | 2 3 4 |  4.1
Evocations     | 1 2 3 4 |  4.2
Long Blades    | 4 |  4.6
Fighting       | 4 5 6 7 8 9 |  9.3
Stealth        | 1 2 3 4 5 |  5.8
Axes           | 1 3 4 5 7 |  7.8
Bows           | 2 4 6 8 |  8.9
Short Blades   | |  0.2

Action                   |  1- 3 |  4- 6 |  7- 9 | 10-12 || total
-------------------------+-------+-------+-------+-------++-------
Melee: Falchion          |   100 |    64 |       |       ||   164
       Tailslap          |    10 |    18 |    22 |    53 ||   103
       Rapier            |       |    41 |    37 |    21 ||    99
       Hand axe          |       |       |   128 |   206 ||   334
 Fire: Longbow           |       |       |    89 |   175 ||   264
Invok: Berserk           |     1 |     1 |     3 |     4 ||     9
       Trog's Hand       |       |     1 |     2 |     2 ||     5
       Brothers in Arms  |       |       |       |     4 ||     4
 Abil: Rolling Charge    |    27 |    17 |    10 |     6 ||    60
Evoke: Wand              |     3 |     2 |       |       ||     5
  Use: Scroll            |     8 |     3 |     7 |     9 ||    27
       Potion            |       |       |       |     1 ||     1
Armor: Animal skin       |    26 |     6 |       |       ||    32
       Robe              |       |    33 |     6 |       ||    39
       Leather armour    |       |       |    30 |    82 ||   112
Dodge: Dodged            |    51 |    56 |   121 |   175 ||   403
       Rpst.: Falchion   |    21 |    13 |       |       ||    34

Table legend: (Time is in decaauts)
 A = Elapsed time spent in this place.
 B = Non-inter-level travel time spent in this place.
 C = Inter-level travel time spent in this place.
 D = Time resting spent in this place.
 E = Time spent auto-exploring this place.
 F = Levels seen in this place.
 G = Mean time per level.
                   A        B        C        D        E       F      G
               +--------+--------+--------+--------+--------+-----+--------+
         Total |  11024 |  10291 |    733 |   1569 |   6558 |  14 |  787.4 |
       Dungeon |   9671 |   8938 |    733 |   1414 |   5964 |  11 |  879.2 |
          Lair |    747 |    747 |      0 |    109 |    456 |   1 |  747.0 |
        Bailey |     22 |     22 |      0 |      0 |      0 |   1 |   22.0 |
      Gauntlet |    583 |    583 |      0 |     46 |    138 |   1 |  583.0 |
               +--------+--------+--------+--------+--------+-----+--------+

Top non-repeatable levels by time:
     D:1: 1299 daAuts
     D:5: 1216 daAuts
     D:6: 1008 daAuts
     D:8: 974 daAuts
     D:9: 959 daAuts
     D:4: 936 daAuts
     D:7: 897 daAuts
  Lair:1: 747 daAuts
    D:10: 652 daAuts
     D:2: 644 daAuts
     D:3: 639 daAuts
Gauntlet: 583 daAuts
    D:11: 444 daAuts
  Bailey: 22 daAuts
